 Dungeon Crawl Stone Soup version 0.31.0-11-ge490571c62 (webtiles) character file.

Game seed: 15647904133264950815

4813 Rassilon the Nimble (level 10, -1/73 HPs)
             Began as a Demonspawn Alchemist on Feb 3, 2024.
             Was a Follower of Wu Jian.
             Slain by Maurice
             ... wielding a +0 trident
              (5 damage)
             ... on level 8 of the Dungeon.
             The game lasted 01:03:21 (7865 turns).

Rassilon the Nimble (Demonspawn Alchemist)          Turns: 7865, Time: 01:03:22

Health: -1/73      AC: 16    Str: 10    XL:     10   Next: 24%
Magic:  7/19       EV: 18    Int: 19    God:    Wu Jian [*.....]
Gold:   0          SH:  6    Dex: 13    Spells: 18/21 levels left

rFire   . . .        v - +2 quarterstaff (chaos)
rCold   . . .        (shield currently unavailable)
rNeg    . . .        E - +0 swamp dragon scales
rPois   +            g - +1 helmet
rElec   .            e - +0 cloak
rCorr   .            x - +1 pair of gloves
SInv    .            (no boots)
Will    .....        p - amulet of the acrobat
Stlth   +            h - +5 ring of evasion
HPRegen 0.32/turn    s - +4 ring of protection
MPRegen 0.16/turn

%: acrobat
@: attractive, hasted, very quick
A: large bone plates 2, powered by death 1, demonic magic 2, weakness stinger 2,
inability to drink after injury 1
a: Renounce Religion


You were on level 8 of the Dungeon.
You worshipped Wu Jian.
Wu Jian was aware of your devotion.
You visited 2 branches of the dungeon, and saw 9 of its levels.

Inventory:

Hand Weapons
 v - a +2 quarterstaff of chaos (weapon)
Missiles
 c - a curare-tipped dart
 k - 3 throwing nets (quivered)
Armour
 e - a +0 cloak (worn)
 g - a +1 helmet (worn)
 x - a +1 pair of gloves (worn)
 E - +0 swamp dragon scales (worn)
Jewellery
 h - a +5 ring of evasion (left hand)
 p - an amulet of the acrobat (around neck)
 s - a +4 ring of protection (right hand)
Scrolls
 a - a scroll of silence
 d - 2 scrolls of vulnerability
 l - a scroll of poison
 m - a scroll of butterflies
 o - a scroll of fog
 y - a scroll of identify
 z - 2 scrolls of immolation
 C - 2 scrolls of amnesia
 D - a scroll of fear {unknown}
Potions
 i - 2 potions of might
 n - 2 potions of lignification
 q - a potion of brilliance
 t - a potion of invisibility
 u - 2 potions of cancellation


   Skills:
 + Level 4.6 Fighting
 + Level 8.5 Dodging
 - Level 1.7 Stealth
 - Level 6.5 Unarmed Combat
 - Level 6.0 Spellcasting
 - Level 2.0 Conjurations
 - Level 4.0 Alchemy
 + Level 3.7 Shapeshifting


You had 18 spell levels left.
You knew the following spells:

 Your Spells              Type           Power      Damage    Failure   Level
a - Sting                 Conj/Alch      68%        1d7       9%          1
b - Mercury Vapours       Alch/Air       26%        N/A       19%         2

Your spell library contained the following spells:

 Spells                   Type           Power      Damage    Failure   Level
 Magic Dart               Conj           52%        1d5       13%         1
 Mephitic Cloud           Conj/Alch/Air  13%        N/A       36%         3
 Blink                    Tloc           10%        N/A       41%         2
 Call Imp                 Summ           10%        N/A       41%         2
 Olgreb's Toxic Radiance  Alch           20%        N/A       50%         4
 Fugue of the Fallen      Necr           5%         N/A       65%         3
 Ozocubu's Armour         Ice            5%         N/A       65%         3
 Sticky Flame             Fire/Alch      13%        2d5       77%         4
 Manifold Assault         Tloc           5%         N/A       96%         4


Dungeon Overview and Level Annotations

Branches:
Dungeon (8/15)             Temple (1/1) D:6
   Lair: D:8-11

Altars:
Ashenzari
Cheibriados
Dithmenos
Fedhas
Hepliaklqana
Kikubaaqudgha
Makhleb
Nemelex Xobeh
Okawaru
Qazlal
Ru
Sif Muna
Trog
Uskayaw
Vehumet
Wu Jian
Xom
Yredelemnul

Shops:
D:4 :   D:6 (   D:7 (

Annotations:
D:8 Maurice


Innate Abilities, Weirdness & Mutations

You are mostly covered in large bone plates. (SH +6)
You regenerate a little health from kills.
Spells you cast may paralyse nearby enemies.
You have a tail ending in a sharp stinger.
You occasionally lose the ability to drink potions when taking damage.


Message History

Aiming: Mercury Vapours (safe; 19% risk of failure)
Press: ? - help, Dir - move target Fumes of mercury billow through the air!
Malevolent energies surge around you.
You hear a zap.
Something tries to affect you, but you resist.
Unknown command.
Casting: Mercury Vapours (safe; 19% risk of failure)
Confirm with . or Enter, or press ? or * to list all spells.
Aiming: Mercury Vapours (safe; 19% risk of failure)
Press: ? - help, Dir - move target Fumes of mercury billow through the air!
Malevolent energies surge around you.
You hear a zap.
Something tries to affect you, but you resist.
Casting: Mercury Vapours (safe; 19% risk of failure)
Confirm with . or Enter, or press ? or * to list all spells.
You don't know that spell.
Okay, then.
You feel attractive to monsters. Something closely misses you.
Something is attracted toward you.
You miss something. You miss something. Something barely misses you.
Something bites you.
* * * LOW HITPOINT WARNING * * *
You feel your power leaking away. Something drains your magic.
You miss something.
You hear a zap.
Something tries to affect you, but you resist.
Casting: Mercury Vapours (safe; 19% risk of failure)
Confirm with . or Enter, or press ? or * to list all spells.
Aiming: Mercury Vapours (safe; 19% risk of failure)
Press: ? - help, Dir - move target Fumes of mercury billow through the air!
Malevolent energies surge around you.
You hear some strange, mumbled words.
Something is attracted toward you.
Unknown command.
You hit something.
Nothing appears to happen.
Something hits you.
You die...

####...###.##.........#
###...>.##.##.###.###.#
####...###)##,* #.# #.#
..........#.#,* #.###.#
#####.####.##,* #...#.#
#####.# ###*,* ###.#.#
*#+#* *,* #.#.# **,,,**
#ยง#####.#.# **,,,,,**
#...@)....# **,,,,,,,**
###.###.###
*,,,,,,,,,***#..,*#.#
+,,,,,,,,,+,..<.,,#.#
*,,,,,,,,,*###..,*#.#
**,,,,,,,** ##.**#.#
**,,,,,** ##* #.#
**,,,** #.# **+** *#.#


There were no monsters in sight!

Vanquished Creatures
  2 cyclopes
  Joseph (D:7)
  Jeremiah (D:7)
  A fire bat (D:5)
  A water moccasin (D:8)
  3 black bears
  An orc warrior (D:6)
  An ice beast (D:7)
  5 ogres
  A wolf (D:5)
  2 centaurs
  3 phantoms
  2 kobold brigands
  2 bullfrogs
  2 gnoll sergeants
  2 scorpions (D:5)
  2 oklob saplings (D:6)
  8 killer bees
  2 howler monkeys (D:7)
  4 bombardier beetles
  3 jellies
  2 orc priests
  4 hounds
  Crazy Yiuf (D:3)
  2 gnoll boudas
  Jessica (D:3)
  2 sleepcaps (D:6)
  An iguana (D:4)
  An orc wizard (D:3)
  Robin (D:3)
  8 adders
  12 gnolls
  2 ufetubi (D:7)
  2 dart slugs
  2 ribbon worms
  13 orcs
  5 bats
  6 endoplasms
  3 giant cockroaches
  11 goblins
  13 hobgoblins
  14 kobolds
  5 quokkas
  9 ball pythons
  12 frilled lizards
  4 rats
185 creatures vanquished.

Vanquished Creatures (collateral kills)
  An endoplasm (D:4)
1 creature vanquished.

Vanquished Creatures (others)
  An orc wizard (D:6)
1 creature vanquished.

Grand Total: 187 creatures vanquished

Notes
Turn   | Place    | Note
-------+----------+-------------------------------------------
     0 | D:1      | Rassilon the Demonspawn Alchemist began the quest for the
                  | Orb.
     0 | D:1      | Reached XP level 1. HP: 13/13 MP: 3/3
   415 | D:1      | Gained mutation: You regenerate a little health from kills.
                  | [demonic ancestry]
   415 | D:1      | Reached XP level 2. HP: 19/19 MP: 1/5
   544 | D:1      | Reached skill level 2 in Dodging
   815 | D:1      | Learned a level 2 spell: Mercury Vapours
   941 | D:1      | Gained mutation: Spells you cast may paralyse adjacent
                  | enemies. [demonic ancestry]
   941 | D:1      | Reached XP level 3. HP: 24/24 MP: 2/6
  2319 | D:3      | Gained mutation: You are partially covered in large bone
                  | plates. (SH +4) [demonic ancestry]
  2319 | D:3      | Reached XP level 4. HP: 30/30 MP: 3/7
  2553 | D:3      | Reached skill level 3 in Dodging
  2553 | D:3      | Reached XP level 5. HP: 19/35 MP: 4/9
  2735 | D:3      | Noticed Robin
  2754 | D:3      | Killed Robin
  2761 | D:3      | Reached skill level 1 in Unarmed Combat
  2891 | D:3      | Found a basalt altar of Yredelemnul.
  2893 | D:3      | Noticed a profane servitor
  3057 | D:3      | Noticed Jessica
  3065 | D:3      | HP: 1/35 [Jessica/nerve-wracking pain (13)]
  3069 | D:3      | Killed Jessica
  3213 | D:3      | Found a runed translucent door.
  3214 | D:3      | Noticed Crazy Yiuf
  3226 | D:3      | Killed Crazy Yiuf
  3335 | D:3      | Noticed an angel
  3384 | D:4      | Found Miguuf's Tiny Tomes.
  3386 | D:4      | Noticed an ogre
  3399 | D:4      | Killed an ogre
  3400 | D:4      | Reached XP level 6. HP: 41/41 MP: 3/11
  3668 | D:4      | Reached skill level 4 in Dodging
  3704 | D:4      | Gained mutation: You have a small tail. [demonic ancestry]
  3704 | D:4      | Reached XP level 7. HP: 39/46 MP: 11/13
  3721 | D:4      | Found a broken altar of Ashenzari.
  3784 | D:4      | Identified the +1 leather armour of the Watchman {Will+}
  3973 | D:4      | Identified the +0 ring mail "Qungekkuini" {Int+3}
  4150 | D:5      | Entered Level 5 of the Dungeon
  4383 | D:5      | Reached skill level 5 in Dodging
  4403 | D:5      | Found a snail-covered altar of Cheibriados.
  4418 | D:5      | an ice beast changed into a fire bat
  4418 | D:5      | Noticed a fire bat
  4429 | D:5      | Killed a fire bat
  4430 | D:5      | Reached skill level 5 in Spellcasting
  4430 | D:5      | Gained mutation: You are mostly covered in large bone
                  | plates. (SH +6) [demonic ancestry]
  4430 | D:5      | Reached XP level 8. HP: 34/52 MP: 13/15
  4685 | D:5      | Noticed Eustachio
  4708 | D:5      | Eustachio changed into Eustachio the wolf
  4708 | D:5      | Noticed Eustachio
  4712 | D:5      | Killed Eustachio the wolf
  5223 | D:6      | Reached skill level 6 in Dodging
  5223 | D:6      | Reached skill level 5 in Unarmed Combat
  5511 | D:6      | Gained mutation: Spells you cast may paralyse nearby
                  | enemies. [demonic ancestry]
  5511 | D:6      | Reached XP level 9. HP: 57/57 MP: 14/18
  5517 | D:6      | Found an iron altar of Okawaru.
  5532 | D:6      | Found a blossoming altar of Fedhas.
  5532 | D:6      | Found a hazy altar of Hepliaklqana.
  5545 | D:6      | Found a shimmering blue altar of Sif Muna.
  5550 | D:6      | Found a sacrificial altar of Ru.
  5659 | D:6      | Found a staircase to the Ecumenical Temple.
  5870 | D:6      | Found Yvu Reus's Antique Weapon Shoppe.
  5884 | D:6      | Noticed a cyclops
  5915 | D:6      | Killed a cyclops
  5916 | D:6      | Reached skill level 7 in Dodging
  6154 | D:6      | Reached skill level 1 in Fighting
  6651 | Temple   | Entered the Ecumenical Temple
  6662 | Temple   | Became a worshipper of the Wu Jian Council
  6720 | D:7      | Noticed a cyclops
  6743 | D:7      | Killed a cyclops
  6744 | D:7      | Reached skill level 1 in Shapeshifting
  6842 | D:7      | Noticed Jeremiah
  6868 | D:7      | Killed Jeremiah
  7004 | D:7      | Reached skill level 8 in Dodging
  7056 | D:7      | Noticed Joseph
  7085 | D:7      | Killed Joseph
  7086 | D:7      | Gained mutation: You have a tail ending in a sharp stinger.
                  | [demonic ancestry]
  7086 | D:7      | Reached XP level 10. HP: 37/71 MP: 11/19
  7248 | D:7      | Found Jyoxzipp's Weapon Shoppe.
  7460 | D:8      | Noticed Maurice
  7484 | D:8      | Gained mutation: You occasionally lose the ability to drink
                  | potions when taking damage. [potion of mutation]
  7727 | D:8      | Reached * piety under Wu Jian
  7751 | D:8      | Something stole a maw talisman
  7751 | D:8      | Paralysed by something for 3 turns
  7752 | D:8      | Something stole 355 gold
  7762 | D:8      | Paralysed by something for 5 turns
  7777 | D:8      | Paralysed by something for 4 turns
  7800 | D:8      | Paralysed by Maurice for 4 turns
  7806 | D:8      | Paralysed by Maurice for 2 turns
  7833 | D:8      | Paralysed by something for 2 turns
  7849 | D:8      | Paralysed by something for 2 turns
  7861 | D:8      | HP: 3/73 [something (5)]
  7865 | D:8      | Slain by Maurice

Illustrated notes

Levels and vault maps discovered:
D:1:      dpeg_cavernosity, layout_basic, minmay_misc_feat_more_columns,
          chequers_decorated_corner, dreamdust_princess_corridor,
          minmay_lizard_pond
D:2:      wander_river, layout_loops_cross
D:3:      layout_rooms, grunt_temple_overflow_holy_war, uniq_robin,
          uniq_crazy_yiuf_cottage, uniq_jessica
D:4:      cheibrodos_helix_gallery, layout_cave_pools, evilmike_ruin_ashenzari,
          nicolae_shop_i_like_small_books_too
D:5:      layout_loops_cross, mainiacjoe_overflow_six_doors_small,
          uniq_eustachio
D:6:      layout_basic, minmay_overflow_temple_star_hex,
          minmay_temple_entry_oklob, serial_shops,
          nicolae_shop_overgrown_old_shop, serial_park_tiny_2,
          amcnicky_mini_pool_small, minmay_microvault
D:7:      layout_rooms, serial_shops, nicolae_shop_competitors_out_of_business,
          st_stairs_12, uniq_joseph, uniq_jeremiah
D:8:      layout_loops_corners, uniq_erica, uniq_maurice, uniq_prince_ribbit1
Temple:   chequers_temple_sunken

Skill      XL: |  1  2  3  4  5  6  7  8  9 10 |
---------------+-------------------------------+-----
Dodging        | 2 3 4 5 6 8 |  8.5
Conjurations   | 2 |  2.0
Alchemy        | 4 |  4.0
Spellcasting   | 3 4 5 6 |  6.0
Unarmed Combat | 2 4 5 6 |  6.5
Fighting       | 3 4 |  4.6
Shapeshifting  | 3 |  3.7
Stealth        | |  1.7

Action                     |  1- 3 |  4- 6 |  7- 9 | 10-12 || total
---------------------------+-------+-------+-------+-------++-------
  Melee: Unarmed           |   147 |   118 |       |       ||   265
         Quarterstaff      |       |    32 |   303 |   104 ||   439
         Punch             |       |     2 |       |       ||     2
         Tailslap          |       |       |    44 |    15 ||    59
   Cast: Sting             |    59 |    49 |    52 |    15 ||   175
         Mercury Vapours   |     1 |    11 |    42 |    16 ||    70
Ability: Lunge             |       |       |     4 |     4 ||     8
         Whirlwind         |       |       |       |     2 ||     2
    Use: Scroll            |       |     9 |       |     7 ||    16
         Potion            |       |     1 |       |     5 ||     6
   Stab: Sleeping          |     2 |       |       |       ||     2
         Paralysed         |    13 |    22 |    33 |     8 ||    76
         Petrifying        |       |       |     1 |     1 ||     2
         Petrified         |       |       |     1 |     1 ||     2
         Held in net/web   |       |       |     1 |       ||     1
 Armour: Robe              |    38 |       |       |       ||    38
         Leather armour    |    28 |    55 |   142 |       ||   225
         Swamp dragon scal |       |       |    27 |    91 ||   118
  Dodge: Dodged            |   121 |   129 |   304 |   108 ||   662
  Block: Other             |       |    40 |    83 |    32 ||   155
